 Dungeon Crawl Stone Soup version 0.26-a0-651-gb41185065b (webtiles) character file.

Game seed: 6156487766068627785

7532 Lanoc the Geomancer (level 10, 0/70 (74) HPs)
             Began as a Demonspawn Earth Elementalist on Oct 8, 2020.
             Was a Priest of Wu Jian.
             Slain by an orc warrior
             ... wielding a +0 halberd
              (21 damage)
             ... on level 10 of the Dungeon.
             The game lasted 00:29:50 (20206 turns).

Lanoc the Geomancer (DsEE)                         Turns: 20206, Time: 00:29:51

HP:   0/70 (74)     AC:  2    Str:  8    XL:     10   Next: 96%
MP:   0/22          EV: 17    Int: 18    God:    Wu Jian [***...]
Gold: 408           SH:  0    Dex: 16    Spells: 5/13 levels left

rFire    + . .     SeeInvis .     - Unarmed
rCold    . . .     Faith    .   (no shield)
rNeg     . . .     Spirit   +   c - +0 robe
rPois    .         Reflect  .   (helmet restricted)
rElec    .         Harm     .   G - scarf {+Inv}
rCorr    .         Rampage  .   (no gloves)
MR       .....                  (no boots)
Stlth    +.........             m - amulet of magic regeneration
HPRegen  0.21/turn              o - ring of attention (curse)
MPRegen  0.43/turn              B - ring of magical power

@: no status effects
A: antennae 1, claws 1, hooves 2, fire resistance 1, magic shield, flame cloud
immunity
a: Wall Jump, Serpent's Lash, Renounce Religion, Evoke Invisibility


You were on level 10 of the Dungeon.
You worshipped Wu Jian.
Wu Jian was most pleased with you.
You visited 2 branches of the dungeon, and saw 11 of its levels.
You also visited: Ossuary.

You collected 562 gold pieces.
You spent 154 gold pieces at shops.

Inventory:

Missiles
 b - 53 stones (quivered)
 f - 3 throwing nets
Armour
 c - a +0 robe (worn)
 h - a +0 buckler
 E - +0 acid dragon scales
 G - a scarf of invisibility (worn)
Jewellery
 m - an amulet of magic regeneration (around neck)
 o - a cursed ring of attention (left claw)
 v - an uncursed ring of see invisible
 B - a ring of magical power (right claw)
Wands
 r - a wand of iceblast (8)
 x - a wand of polymorph (4)
 D - a wand of acid (7)
 H - a wand of flame (13)
Scrolls
 a - a scroll of remove curse
 i - 3 scrolls of enchant armour
 l - 3 scrolls of amnesia
 p - 2 scrolls of teleportation
 s - 3 scrolls of immolation
 u - a scroll of fog
 w - a scroll of blinking
 y - 4 scrolls of enchant weapon
 C - a scroll of magic mapping
 F - 3 scrolls of identify
Potions
 d - 8 potions of stabbing
 e - 4 potions of heal wounds
 j - a potion of might
 k - 2 potions of cancellation
 n - 4 potions of brilliance
 q - 3 potions of haste
 t - 3 potions of berserk rage
 z - a potion of flight
 A - 2 potions of lignification


   Skills:
 + Level 5.4 Fighting
 + Level 7.5 Dodging
 - Level 1.7 Stealth
 * Level 7.2 Unarmed Combat
 - Level 2.0 Spellcasting
 - Level 0.8 Transmutations
 * Level 10.7 Earth Magic


You had 5 spell levels left.
You knew the following spells:

 Your Spells              Type           Power        Failure   Level
a - Sandblast             Erth           #####.       1%          1
b - Passwall              Tmut/Erth      ###.....     2%          2
c - Lee's Rapid Deconstr  Erth           #####.....   6%          5

Your spell library contained the following spells:

 Spells                   Type           Power        Failure   Level
 Stone Arrow              Conj/Erth      ###...       6%          3
 Petrify                  Tmut/Erth      ###.....     17%         4


Dungeon Overview and Level Annotations

Branches:
Dungeon (10/15)            Temple (1/1) D:6            Lair (0/6) D:9
Ossuary (visited)
    Orc: D:9-12

Altars:
Ashenzari
Cheibriados
Dithmenos
Elyvilon
Fedhas
Gozag
Hepliaklqana
Kikubaaqudgha
Makhleb
Nemelex Xobeh
Okawaru
Qazlal
Ru
Sif Muna
Trog
Uskayaw
Vehumet
Wu Jian
Xom
Yredelemnul
Zin
The Shining One

Shops:
D:5 !


Innate Abilities, Weirdness & Mutations

You have a pair of small antennae on your head.
You have sharp fingernails.
You have hoof-like feet.
Your flesh is heat resistant. (rF+)
When hurt, damage is shared between your health and your magic reserves.
You are immune to clouds of flame.


Message History

Casting: Sandblast (safe; 1% risk of failure)
Confirm with . or Enter, or press ? or * to list all spells.
Aiming: Sandblast (safe; 1% risk of failure)
Press: ? - help, Shift-Dir - straight line, f/p - orc warrior
Aim: an orc warrior, wielding a +0 halberd and wearing a +0 chain mail (severely wounded)
The blast of sand hits the orc warrior but does no damage.
The orc warrior is severely wounded.
b - 54 stones The orc warrior hits you with a +0 halberd.
* * * LOW HITPOINT WARNING * * *
Casting: Sandblast (safe; 1% risk of failure)
Confirm with . or Enter, or press ? or * to list all spells.
Aiming: Sandblast (safe; 1% risk of failure)
Press: ? - help, Shift-Dir - straight line, f/p - orc warrior
Aim: an orc warrior, wielding a +0 halberd and wearing a +0 chain mail (severely wounded)
The blast of sand hits the orc warrior.
The orc warrior is almost dead.
b - 53 stones The orc warrior hits you with a +0 halberd!!
You die...

#.......# #.......#
################..######
#........##..#....##..##
.........'..............
.........#..............
.......).#.............[
#..####.###.###.######.)
#. #@# #####.######.[ .
+....o....#........))
#.........#..........
#.........+..........
##.########..###'#### #.
##..##..##..##.. ..
.............{c. ...
.................
#....###.##..##..


You could see an orc warrior.

Vanquished Creatures
  Joseph (D:8)
  Maggie (D:9)
  A troll (D:9)
  Prince Ribbit (D:9)
  A hippogriff (D:9)
  A wyvern (D:10)
  Eustachio (D:6)
  4 orc warriors
  3 necrophages
  6 ogres
  A phantom (D:7)
  A sky beast (D:5)
  2 ice beasts (D:7)
  8 centaurs
  A crocodile (D:10)
  5 bullfrogs
  3 big kobolds
  2 elf zombies (Ossuary)
  2 scorpions
  9 killer bees
  3 wights (D:9)
  3 howler monkeys (D:9)
  A centaur zombie (D:10)
  2 bullfrog zombies
  8 hounds
  A bullfrog skeleton (D:6)
  A centaur skeleton (D:6)
  15 orc wizards
  2 gnoll shamans (D:4)
  6 orc priests
  2 jellies
  4 iguanas
  11 worker ants
  A big kobold zombie (Ossuary)
  2 hound skeletons
  2 mummies (Ossuary)
  2 worker ant zombies
  Robin (D:2)
  51 gnolls
  10 adders
  3 shadow imps
  5 white imps
  3 ufetubi
  4 oozes
  An adder zombie (Ossuary)
  5 worms
  2 dart slugs
  7 leopard geckos
  38 orcs
  10 bats
  4 giant cockroaches
  16 goblins
  9 hobgoblins
  16 jackals
  20 kobolds
  4 quokkas
  3 ball pythons
  5 frilled lizards
  A giant cockroach zombie (D:6)
  2 goblin zombies (Ossuary)
  16 hobgoblin zombies (Ossuary)
  A jackal skeleton (D:4)
  A jackal zombie (D:5)
  7 kobold zombies (Ossuary)
  A leopard gecko zombie (D:6)
  6 orc zombies (Ossuary)
  2 quokka zombies (D:6)
  11 rats
  A rat zombie (Ossuary)
386 creatures vanquished.

Vanquished Creatures (others)
  3 plants (D:4)
3 creatures vanquished.

Grand Total: 389 creatures vanquished

Notes
Turn   | Place    | Note
-------+----------+-------------------------------------------
     0 | D:1      | Lanoc the Demonspawn Earth Elementalist began the quest for
                  | the Orb.
     0 | D:1      | Reached XP level 1. HP: 13/13 MP: 3/3
    75 | D:1      | Reached skill level 3 in Earth Magic
   133 | D:2      | Gained mutation: When hurt, damage is shared between your
                  | health and your magic reserves. [demonic ancestry]
   133 | D:2      | Reached XP level 2. HP: 19/19 MP: 1/5
   592 | D:2      | Reached XP level 3. HP: 24/24 MP: 4/6
   897 | D:2      | Noticed Robin
   905 | D:2      | Reached skill level 4 in Earth Magic
   905 | D:2      | Gained mutation: You have large cloven feet. [demonic
                  | ancestry]
   905 | D:2      | Reached XP level 4. HP: 15/30 MP: 0/7
  2916 | D:2      | Killed Robin
  3018 | D:2      | Reached XP level 5. HP: 29/35 MP: 5/8
  3022 | D:2      | Learned a level 2 spell: Passwall
  3865 | D:3      | Found a shadowy altar of Dithmenos.
  4240 | D:4      | Reached skill level 5 in Earth Magic
  4562 | D:4      | Gained mutation: Your flesh is heat resistant. (rF+)
                  | [demonic ancestry]
  4562 | D:4      | Reached XP level 6. HP: 32/41 MP: 1/9
  5600 | D:4      | HP: 2/41 [gnoll (6)]
  6089 | D:4      | Reached skill level 6 in Earth Magic
  6257 | D:4      | Gained mutation: You have hoof-like feet. [demonic
                  | ancestry]
  6257 | D:4      | Reached XP level 7. HP: 21/46 MP: 1/10
  6325 | D:4      | Learned a level 5 spell: Lee's Rapid Deconstruction
  6713 | D:4      | Reached skill level 7 in Earth Magic
  7393 | D:4      | Reached skill level 5 in Dodging
  7697 | D:4      | Gained mutation: You are immune to clouds of flame.
                  | [demonic ancestry]
  7697 | D:4      | Reached XP level 8. HP: 42/52 MP: 8/11
  8198 | D:5      | Entered Level 5 of the Dungeon
  8198 | D:5      | Found Saaset's Distillery.
  8198 | D:5      | Found a shimmering altar of Xom.
  8355 | D:5      | Bought a potion of haste for 110 gold pieces
  8355 | D:5      | Bought a potion of might for 44 gold pieces
  8670 | D:5      | Reached skill level 8 in Earth Magic
  8933 | D:5      | Reached skill level 1 in Unarmed Combat
  9326 | D:6      | Reached skill level 1 in Fighting
  9336 | D:6      | Found a sand-covered staircase.
  9345 | Ossuary  | Entered an ossuary
 10770 | D:6      | Gained mutation: You have a pair of small antennae on your
                  | head. [demonic ancestry]
 10770 | D:6      | Reached XP level 9. HP: 61/61 MP: 7/12
 11173 | D:6      | Found a staircase to the Ecumenical Temple.
 11215 | D:6      | Noticed Eustachio
 11240 | D:6      | Killed Eustachio
 11374 | Temple   | Entered the Ecumenical Temple
 11465 | Temple   | Became a worshipper of the Wu Jian Council
 11917 | D:7      | Reached skill level 9 in Earth Magic
 13441 | D:7      | Found a sacrificial altar of Ru.
 13543 | D:8      | Noticed Joseph
 13551 | D:7      | Reached * piety under Wu Jian
 14020 | D:8      | Reached skill level 5 in Unarmed Combat
 14684 | D:9      | Gained mutation: You have sharp fingernails. [demonic
                  | ancestry]
 14684 | D:9      | Reached XP level 10. HP: 55/71 MP: 13/13
 15254 | D:9      | Reached ** piety under Wu Jian
 15321 | D:9      | Noticed Maggie
 15334 | D:9      | Killed Maggie
 15334 | D:9      | Reached skill level 10 in Earth Magic
 15574 | D:9      | Found a staircase to the Lair.
 16199 | D:9      | Noticed Prince Ribbit
 16210 | D:9      | Killed Prince Ribbit
 17232 | D:8      | Killed Joseph
 17610 | D:8      | Reached skill level 5 in Fighting
 18054 | D:10     | Entered Level 10 of the Dungeon
 18384 | D:10     | Noticed a swamp dragon
 18666 | D:9      | Reached *** piety under Wu Jian
 20206 | D:10     | Slain by an orc warrior

Illustrated notes

Levels and vault maps discovered:
D:1:      scummos_arrival_checkerplants, layout_basic
D:2:      layout_basic, kennysheep_generic_room_4, uniq_robin
D:3:      layout_rooms, nicolae_dithmenos_shadow_blocks, hangedman_decor_push
D:4:      lemuel_castle_with_subvaults [lemuel_castle_interior_original],
          layout_basic
D:5:      minmay_thick_lines, layout_rooms, serial_shops, shop, basic_altar
D:6:      layout_cave_pools, minmay_temple_entry_stoned_glass, enter_ossuary_3,
          minmay_misc_feat_doors, uniq_eustachio
D:7:      layout_layer_cave, nicolae_ru_the_path_less_chosen
D:8:      layout_basic, uniq_joseph
D:9:      layout_basic, lair_entry_dummy, uniq_maggie, uniq_prince_ribbit1
D:10:     layout_gridville, minmay_the_grid_2x2 [minmay_the_grid_spin_star,
          minmay_the_grid_outer_diamond, minmay_the_grid_dragon_b,
          minmay_the_grid_prize_four_corners_diamond_b]
Temple:   grunt_wide_crystal_templ

Skill      XL: |  1  2  3  4  5  6  7  8  9 10 |
---------------+-------------------------------+-----
Dodging        | 2 3 4 5 6 7 |  7.5
Earth Magic    | 3 4 5 6 7 8 9 10 | 10.7
Unarmed Combat | 3 5 7 |  7.2
Fighting       | 2 4 5 |  5.4
Stealth        | |  1.7
Spellcasting   | |  2.0
Transmutations | |  0.8

Action                   |  1- 3 |  4- 6 |  7- 9 | 10-12 || total
-------------------------+-------+-------+-------+-------++-------
Melee: Unarmed           |    19 |   374 |       |   115 ||   508
       Kick              |       |    80 |   116 |    93 ||   289
       Spear             |       |    25 |    44 |       ||    69
       Flail             |       |       |   275 |       ||   275
       Punch             |       |       |     6 |    11 ||    17
       Dagger            |       |       |   237 |   230 ||   467
 Cast: Sandblast         |    37 |    94 |   171 |    91 ||   393
Invok: Lunge             |       |       |     5 |    12 ||    17
       Whirlwind         |       |       |       |     6 ||     6
  Use: Potion            |       |     4 |     7 |     1 ||    12
       Scroll            |       |     6 |     8 |     3 ||    17
 Stab: Sleeping          |       |    16 |       |       ||    16
       Invisible         |       |     2 |       |       ||     2
       Distracted        |       |       |     2 |       ||     2
Armor: Robe              |     4 |    89 |    60 |    16 ||   169
       Skin              |       |     5 |     6 |       ||    11
Dodge: Dodged            |    20 |   377 |   612 |   330 ||  1339

Table legend: (Time is in decaauts)
 A = Elapsed time spent in this place.
 B = Non-inter-level travel time spent in this place.
 C = Inter-level travel time spent in this place.
 D = Time resting spent in this place.
 E = Time spent auto-exploring this place.
 F = Levels seen in this place.
 G = Mean time per level.
                   A        B        C        D        E       F      G
               +--------+--------+--------+--------+--------+-----+--------+
         Total |  20308 |  19884 |    424 |   3322 |  13047 |  12 | 1692.3 |
       Dungeon |  19179 |  18763 |    416 |   3056 |  12645 |  10 | 1917.9 |
        Temple |    100 |     92 |      8 |      0 |     71 |   1 |  100.0 |
       Ossuary |   1028 |   1028 |      0 |    265 |    331 |   1 | 1028.0 |
               +--------+--------+--------+--------+--------+-----+--------+

Top non-repeatable levels by time:
     D:4: 4005 daAuts
     D:9: 3604 daAuts
     D:1: 2103 daAuts
     D:8: 1947 daAuts
     D:7: 1914 daAuts
     D:2: 1622 daAuts
     D:6: 1307 daAuts
     D:5: 1085 daAuts
    D:10: 1078 daAuts
 Ossuary: 1028 daAuts
     D:3: 509 daAuts
  Temple: 100 daAuts
